 Dungeon Crawl Stone Soup version 0.31.0-1-g2c135a0 (webtiles) character file.

Game seed: 18281818498714280401

3178902 jagoly the Green Demonspawn (level 27, 224/224 HPs)
             Began as a Demonspawn Alchemist on Jan 21, 2024.
             Was a Follower of Fedhas.
             Escaped with the Orb
             ... and 5 runes!
             The game lasted 11:07:24 (70867 turns).

jagoly the Green Demonspawn (Demonspawn Alchemist) Turns: 70867, Time: 11:07:25

Health: 224/224    AC: 27    Str: 13    XL:     27
Magic:  33/39      EV: 24    Int: 31    God:    Fedhas [*.....]
Gold:   2482       SH: 21    Dex: 21    Spells: 0/50 levels left

rFire   + + .        a - +8 rapier "Sumoluf" {pain, rElec rCorr Int+9 Dex-2}
rCold   + . .        J - +5 kite shield {rC+}
rNeg    + . .        O - +6 scale mail {rF+}
rPois   +            z - +3 crown of Dyrovepreva {rElec Int+2 SInv}
rElec   +            (cloak unavailable)
rCorr   +            n - +2 pair of gloves {Dex+3}
SInv    +            x - +2 pair of boots
Will    +++++        V - amulet "Quav" {rPois rF+ rN+ Regen+}
Stlth   ++           P - ring "Atsal" {+Blink rPois Int-3 Dex+6 Slay+5}
HPRegen 1.37/turn    D - ring "Uryrr" {rPois Will+++ rCorr Int-2 Stlth+}
MPRegen 0.52/turn

%: guardian spirit
@: studying 4 skills
A: demonic guardian 3, magic shield, magic regeneration, magic link, black mark,
sturdy frame 3, bedeviling, aura of silence, weakness stinger 3, horns 1, talons
1, deterioration 1, evolution 1
0: Orb of Zot
}: 5/15 runes: serpentine, barnacled, slimy, silver, abyssal
a: Renounce Religion, Evoke Blink


You escaped.
You worshipped Fedhas.
Fedhas was aware of your devotion.
You visited 11 branches of the dungeon, and saw 55 of its levels.
You visited the Abyss 1 time.
You visited 1 bazaar.
You also visited: Gauntlet.

You collected 10956 gold pieces.
You spent 8474 gold pieces at shops.

Inventory:

Hand Weapons
 a - the +8 rapier "Sumoluf" (weapon) {pain, rElec rCorr Int+9 Dex-2}
   (You found it on level 2 of the Dungeon)

   Int+9:     It affects your intelligence (+9).
   Dex-2:     It affects your dexterity (-2).
   rElec:     It insulates you from electricity.
   rCorr:     It protects you from acid and corrosion.
 b - a +9 quick blade of electrocution
 w - a +9 double sword of freezing
Missiles
 d - 5 throwing nets
 q - 31 javelins
 G - 54 boomerangs (quivered)
 M - 21 silver javelins
 R - 10 curare-tipped darts
Armour
 n - a +2 pair of gloves of dexterity (worn)
 x - a +2 pair of boots (worn)
 z - the +3 crown of Dyrovepreva (worn) {rElec Int+2 SInv}
   (You bought it in a shop on level 7 of the Dungeon)

   Int+2:     It affects your intelligence (+2).
   rElec:     It insulates you from electricity.
   SInv:      It lets you see invisible.
 J - a +5 kite shield of cold resistance (worn)
 O - a +6 scale mail of fire resistance (worn)
Jewellery
 r - the ring of Knowledge {rC+ Int+5 Dex+6 Slay-2}
   (You found it on level 1 of the Crypt)

   [ring of dexterity]

   Int+5:     It affects your intelligence (+5).
   Dex+6:     It affects your dexterity (+6).
   Slay-2:    It affects your accuracy & damage with ranged weapons and melee
   (-2).
   rC+:       It protects you from cold.
 D - the ring "Uryrr" (right hand) {rPois Will+++ rCorr Int-2 Stlth+}
   (You found it on level 14 of the Dungeon)

   [ring of resist corrosion]

   Int-2:     It affects your intelligence (-2).
   rPois:     It protects you from poison Will+++: It greatly increases your
   willpower.
   rCorr:     It protects you from acid and corrosion.
   Stlth+:    It makes you more stealthy.
 P - the ring "Atsal" (left hand) {+Blink rPois Int-3 Dex+6 Slay+5}
   (You found it on level 4 of the Dungeon)

   [ring of dexterity]

   Int-3:     It affects your intelligence (-3).
   Dex+6:     It affects your dexterity (+6).
   Slay+5:    It affects your accuracy & damage with ranged weapons and melee
   (+5).
   rPois:     It protects you from poison +Blink: It lets you blink.
 V - the amulet "Quav" (around neck) {rPois rF+ rN+ Regen+}
   (You took it off a naga on level 1 of the Snake Pit)

   [amulet of regeneration]

   rF+:       It protects you from fire.
   rPois:     It protects you from poison rN+: It protects you from negative
   energy.
   Regen+:    It increases your rate of health regeneration.
 Z - a ring of protection from fire
Wands
 g - a wand of digging (15)
 I - a wand of mindburst (59)
 Q - a wand of acid (28)
 T - a wand of paralysis (92)
 X - a wand of iceblast (55)
Scrolls
 h - 5 scrolls of fog
 l - 3 scrolls of revelation
 s - 9 scrolls of vulnerability
 t - 13 scrolls of teleportation
 v - 9 scrolls of poison
 A - 5 scrolls of fear
 B - 6 scrolls of butterflies
 C - 6 scrolls of immolation
 E - 3 scrolls of blinking
 S - 4 scrolls of amnesia
Potions
 c - 6 potions of haste
 e - 29 potions of curing
 f - 10 potions of might
 j - 3 potions of invisibility
 m - 4 potions of enlightenment
 o - 2 potions of magic
 u - a potion of cancellation
 y - 8 potions of heal wounds
 F - 6 potions of mutation
 H - 6 potions of ambrosia
 K - 8 potions of brilliance
 L - 4 potions of resistance
Miscellaneous
 i - a phantom mirror
 p - a tin of tremorstones (1/2)
 N - a phial of floods
 U - a lightning rod (4/4)


   Skills:
 - Level 20.0 Fighting
 - Level 14.0 Short Blades
 - Level 2.0 Throwing
 - Level 18.0 Armour
 - Level 18.0 Dodging
 - Level 12.0 Stealth
 - Level 18.0 Shields
 - Level 12.0 Spellcasting
 - Level 13.0 Conjurations
 - Level 4.0 Hexes
 - Level 5.0 Translocations
 - Level 11.0 Fire Magic
 - Level 5.0 Air Magic
 - Level 2.0 Earth Magic
 - Level 13.0 Alchemy
 + Level 21.0 Invocations
 - Level 8.0 Evocations


You couldn't memorise any spells.
You knew the following spells:

 Your Spells              Type           Power      Damage    Failure   Level
c - Mephitic Cloud        Conj/Alch/Air  70%        N/A       1%          3
e - Vhi's Electric Charg  Tloc/Air       98%        N/A       6%          4
g - Sticky Flame          Fire/Alch      75%        2d12      1%          4
n - Eringya's Noxious Bo  Alch           39%        4d6       3%          6
q - Apportation           Tloc           98%        N/A       1%          1
s - Starburst             Conj/Fire      37%        6d11      5%          6
u - Yara's Violent Unrav  Hex/Alch       41%        3d16      4%          5
v - Mercury Vapours       Alch/Air       100%       N/A       1%          2
w - Passwall              Erth           31%        N/A       6%          3
P - Ignite Poison         Fire/Alch      75%        N/A       1%          4
R - Olgreb's Toxic Radia  Alch           78%        N/A       1%          4
S - Swiftness             Air            49%        N/A       1%          3
T - Irradiate             Conj/Alch      39%        3d24      1%          5

Your spell library contained the following spells:

 Spells                   Type           Power      Damage    Failure   Level
 Foxfire                  Conj/Fire      100%       2x1d9     1%          1
 Kiss of Death            Conj/Necr      100%       2d13      1%          1
 Magic Dart               Conj           100%       1d8       1%          1
 Shock                    Conj/Air       100%       1d9       1%          1
 Sting                    Conj/Alch      100%       1d9       1%          1
 Blink                    Tloc           98%        N/A       1%          2
 Cigotuvi's Dreadful Rot  Necr/Alch/Air  100%       N/A       1%          2
 Jinxbite                 Hex            100%       N/A       1%          2
 Momentum Strike          Conj/Tloc      100%       3d10      1%          2
 Scorch                   Fire           100%       2d9       1%          2
 Searing Ray              Conj           100%       2d8       1%          2
 Static Discharge         Conj/Air       100%       3-8/arc   1%          2
 Dazzling Flash           Conj/Hex       100%       N/A       1%          3
 Gell's Gravitas          Tloc           49%        N/A       1%          3
 Hailstorm                Conj/Ice       56%        3d11      1%          3
 Inner Flame              Hex/Fire       78%        N/A       1%          3
 Stone Arrow              Conj/Erth      100%       3d13      1%          3
 Teleport Other           Tloc           49%        N/A       1%          3
 Volatile Blastmotes      Fire/Tloc      100%       2d18      1%          3
 Flame Wave               Conj/Fire      75%        2d17      1%          4
 Fulminant Prism          Conj/Alch      39%        3d17      1%          4
 Iskenderun's Mystic Bla  Conj/Tloc      65%        2d13      1%          4
 Alistair's Intoxication  Alch           52%        N/A       1%          5
 Fireball                 Conj/Fire      37%        3d15      1%          5
 Iskenderun's Battlesphe  Conj           78%        2d13      1%          5
 Sigil of Binding         Hex            60%        N/A       2%          3
 Brom's Barrelling Bould  Conj/Erth      60%        2d8       2%          4
 Leda's Liquefaction      Alch/Erth      30%        N/A       2%          4
 Petrify                  Alch/Erth      60%        N/A       2%          4
 Ensorcelled Hibernation  Hex/Ice        92%        N/A       3%          2
 Arcjolt                  Conj/Air       32%        1d42      3%          5
 Necrotise                Necr           72%        1d7       4%          1
 Summon Small Mammal      Summ           72%        N/A       4%          1
 Summon Blazeheart Golem  Fire/Summ      51%        N/A       4%          4
 Airstrike                Air            24%        2d(4-20)  6%          4
 Manifold Assault         Tloc           49%        N/A       6%          4
 Passage of Golubria      Tloc           49%        N/A       6%          4
 Call Imp                 Summ           36%        N/A       8%          2
 Sublimation of Blood     Necr           18%        N/A       8%          2
 Dimensional Bullseye     Hex/Tloc       31%        N/A       8%          4
 Cause Fear               Hex            30%        N/A       10%         4
 Freezing Cloud           Conj/Ice/Air   27%        6-21      12%         5
 Call Canine Familiar     Summ           18%        N/A       14%         3
 Frozen Ramparts          Ice            36%        1d6       14%         3
 Fugue of the Fallen      Necr           18%        N/A       14%         3
 Ozocubu's Armour         Ice            18%        N/A       14%         3
 Summon Ice Beast         Ice/Summ       18%        N/A       14%         3
 Vampiric Draining        Necr           18%        2d7       14%         3
 Summon Lightning Spire   Summ/Air       34%        N/A       17%         4
 Conjure Ball Lightning   Conj/Air       32%        3x3d10    19%         6
 Orb of Destruction       Conj           39%        9d11      21%         7
 Anguish                  Hex/Necr       23%        N/A       22%         4
 Silence                  Hex/Air        31%        N/A       22%         5
 Plasma Beam              Fire/Air       31%        2x1d44    28%         6
 Animate Armour           Summ/Erth      48%        N/A       32%         4
 Animate Dead             Necr           18%        N/A       43%         4
 Summon Forest            Summ/Tloc      17%        N/A       43%         5
 Sculpt Simulacrum        Ice/Alch       28%        N/A       45%         6
 Lee's Rapid Deconstruct  Erth           15%        3d10*     52%         5
 Metabolic Englaciation   Hex/Ice        23%        N/A       52%         5
 Summon Mana Viper        Hex/Summ       46%        N/A       52%         5
 Borgnjor's Vile Clutch   Necr/Erth      12%        N/A       65%         5
 Dispersal                Tloc           24%        N/A       67%         6
 Curse of Agony           Necr           18%        N/A       80%         5
 Spellforged Servitor     Conj/Summ      28%        N/A       96%         7
 Ignition                 Fire           36%        3d11      98%         8
 Death Channel            Necr           9%         N/A       100%        6
 Summon Cactus Giant      Summ           9%         N/A       100%        6
 Enfeeble                 Hex            30%        N/A       100%        7
 Haunt                    Necr/Summ      9%         N/A       100%        7
 Malign Gateway           Summ/Tloc      17%        N/A       100%        7
 Monstrous Menagerie      Summ           9%         N/A       100%        7
 Ozocubu's Refrigeration  Ice            9%         4d9       100%        7
 Summon Hydra             Summ           9%         N/A       100%        7
 Borgnjor's Revivificati  Necr           9%         N/A       100%        8
 Discord                  Hex            30%        N/A       100%        8
 Disjunction              Tloc           24%        N/A       100%        8
 Infestation              Necr           9%         N/A       100%        8
 Lehudib's Crystal Spear  Conj/Erth      30%        10d8      100%        8
 Maxwell's Capacitive Co  Air            24%        ∞         100%        8
 Summon Horrible Things   Summ           9%         N/A       100%        8
 Chain Lightning          Conj/Air       32%        3d43      100%        9
 Death's Door             Necr           9%         N/A       100%        9
 Dragon's Call            Summ           9%         N/A       100%        9
 Fire Storm               Conj/Fire      37%        8d10      100%        9
 Polar Vortex             Ice            9%         12d1*     100%        9
 Shatter                  Erth           15%        3d15*     100%        9


Dungeon Overview and Level Annotations

Branches:
Dungeon (15/15)            Temple (0/1) D:5            Lair (5/5) D:9
 Shoals (4/4) Lair:2        Snake (4/4) Lair:3        Slime (5/5) Lair:5
    Orc (2/2) D:11            Elf (3/3) Orc:2        Vaults (5/5) D:13
  Crypt (3/3) Vaults:3       Tomb (0/3) Crypt:3      Depths (4/4) D:15
    Zot (5/5) Depths:4    Gauntlet (visited)

Altars:
Ashenzari
Dithmenos
Fedhas
Gozag
Hepliaklqana
Nemelex Xobeh
Okawaru
Ru
Sif Muna
Trog
Wu Jian
Xom
Yredelemnul
Jiyva

Shops:
D:5 *   D:7 [   D:13 [   D:15 *   Orc:2 [:*   Elf:1 *   Shoals:1 (
Snake:2 =?[   Snake:3 [   Vaults:2 ::?   Vaults:3 *[   Vaults:4 *   Crypt:1 *

Portals:
Hell: Depths:1 Depths:2 Depths:4
Abyss: Depths:3 Depths:4
Pandemonium: Depths:2
Ziggurat: Depths:1

Annotations:
Snake:2 exclusion: downstairs
Crypt:1 3 runed translucent doors
Zot:1 exclusion: downstairs
Zot:2 exclusion: orb of fire


Innate Abilities, Weirdness & Mutations

A powerful demonic guardian rushes to your aid.
When hurt, damage is shared between your health and your magic reserves.
You regenerate magic rapidly.
When low on magic, you restore magic in place of health.
Your melee attacks may debilitate your foes.
Your movements are significantly less encumbered by armour. (ER -6)
Your hexes are more powerful.
You are surrounded by an aura of silence.
You have a sharp stinger which inflicts weakening toxins.
You have a pair of small horns on your head.
You have sharp toenails.
Your body sometimes deteriorates upon taking damage.
You have hidden genetic potential.


Message History

Fedhas accepts your kill.
You see here a +0 robe.
Magic restored.
You are starting to lose your buoyancy.
You see here +0 fire dragon scales.
You float gracefully downwards.
Your enlightenment fades.
There is a stone staircase leading up here.
You climb upwards.
A hellwing and 2 smoke demons come into view.
There is a stone staircase leading down here.
What level of the Dungeon? (default 15, ? - help)
There are monsters nearby!
A hellwing comes into view.
A hellwing comes into view.
The smoke demon roars!
You block the hellwing's attack. x2
The smoke demon gestures at you.
The ball of steam hits the smoke demon!
The smoke demon resists.
The ball of steam misses you. The hellwing closely misses you.
You block the hellwing's attack. You block the smoke demon's attack.
The smoke demon hits you but does no damage.
You block the smoke demon's attack. The hellwing misses you. x2
The smoke demon gestures at you. Something smites you!
You block the smoke demon's attack. x2; The smoke demon completely misses you.
The hellwing hits you but does no damage.
You block the hellwing's attack. The smoke demon gestures at you.
Something smites you! The hellwing closely misses you.
The hellwing hits you but does no damage.
The smoke demon gestures at you. The ball of steam misses you.
The hellwing is engulfed in a cloud of scalding steam.
The hellwing swoops through the air toward you!
The hellwing closely misses you. You block the hellwing's attack.
The hellwing is engulfed in a cloud of scalding steam.
The hellwing attacks as it pursues you! You block the hellwing's attack. x2
Cast which spell? (? or * to list)
Okay, then.
You block the hellwing's attack. x2
Cast which spell? (? or * to list)
Aiming: Passwall (mildly dangerous; 6% risk of failure)
Press: ? - help, Dir - move target A rock wall.
This square is shrouded in silence and is covered in magical glow.
The smoke demon gestures at you. You block the pyre arrow.
You block the smoke demon's attack. x2
The smoke demon closely misses you.
The hellwing hits you but does no damage. x2
The hellwing misses you. x2
You begin to meditate on the wall.
You continue meditating on the rock.
You block the hellwing's attack. x2; The smoke demon closely misses you. x2
You block the smoke demon's attack. The smoke demon gestures at you.
Something smites you!
A demonic guardian appears!
The hellwing completely misses you.
The hellwing hits you but does no damage. x2
The hellwing completely misses you.
You continue meditating on the rock.
You block the hellwing's attack. x2; You block the smoke demon's attack.
The smoke demon hits you but does no damage.
The smoke demon completely misses you. x3; The smoke demon misses you.
The hellwing completely misses you. The hellwing misses you.
The hellwing completely misses you. x2
Your Brimstone Fiend hits the smoke demon but does no damage.
Your Brimstone Fiend hits the smoke demon.
Your Brimstone Fiend hits the smoke demon!
You finish merging with the rock.
There is a stone staircase leading up here.
You climb upwards.
There is a stone staircase leading down here.
Okay, then.
HP restored.
There is an open door here.
Items here: )))) [.
There is a stone staircase leading up, spattered with blood here.
You climb upwards.
There is a stone staircase leading down here.
There is an open door here.
There is an open door here.
There is an open door here.
There is an open door here.
There is an open door here.
There is an open door here.
There is an open door here.
A tormentor comes into view.
There is an open door here.
Cast which spell? (? or * to list)
Aiming: Passwall (mildly dangerous; 6% risk of failure)
Press: ? - help, Dir - move target A rock wall.
This square is shrouded in silence and is covered in magical glow.
This rock feels extremely deep.
Unknown command.
Cast which spell? (? or * to list)
Aiming: Passwall (mildly dangerous; 6% risk of failure)
Press: ? - help, Dir - move target A rock wall.
This square is shrouded in silence and is covered in magical glow.
You begin to meditate on the wall.
You continue meditating on the rock.
The tormentor calls on the powers of darkness!
Your body is wracked with pain!
You continue meditating on the rock.
You finish merging with the rock.
There is an open door here.
Cast which spell? (? or * to list)
Aiming: Passwall (mildly dangerous; 6% risk of failure)
Press: ? - help, Dir - move target A rock wall.
This square is shrouded in silence and is covered in magical glow.
You begin to meditate on the wall.
You continue meditating on the rock. x2
You finish merging with the rock.
There is a staircase back to the Dungeon here.
You start resting.
Magic restored.
An Orb Guardian comes into view.
You climb upwards.
Welcome back to the Dungeon!
There is a staircase to the Depths here.
Items here: ?????.
Okay, then.
There is an open door here.
HP restored.
There is a stone staircase leading up here.
You climb upwards.
There is a stone staircase leading down here.
HP restored.
A toenail golem comes into view.
Cast which spell? (? or * to list)
Okay, then.
Cast which spell? (? or * to list)
Aiming: Passwall (mildly dangerous; 6% risk of failure)
Press: ? - help, Dir - move target A rock wall.
This square is shrouded in silence and is covered in magical glow.
You begin to meditate on the wall.
You continue meditating on the rock.
Magic restored.
You continue meditating on the rock.
You finish merging with the rock.
There is a stone staircase leading up here.
You climb upwards.
There is a stone staircase leading down here.
What level of the Dungeon? (default 14, ? - help)
There is a stone staircase leading up here.
You climb upwards.
There is a stone staircase leading down here.
There is a stone staircase leading up here.
You climb upwards.
There is a stone staircase leading down here.
There is an open door here.
There is an open door here.
There is an open door here.
An Orb Guardian comes into view.
Cast which spell? (? or * to list)
Aiming: Sticky Flame (safe; 1% risk of failure)
Press: ? - help, Shift-Dir - straight line, f - Orb Guardian
Aim: an Orb Guardian (silenced)
The sticky flame hits the Orb Guardian!
The Orb Guardian is lightly wounded.
Cast which spell? (? or * to list)
You erupt in a fountain of uncontrolled magic!
The Orb Guardian is blasted with magical radiation!!
The Orb Guardian is heavily wounded.
The Orb Guardian twists and deforms.
You are very lightly contaminated with residual magic.
The Orb Guardian burns!
You block the Orb Guardian's attack.
The Orb Guardian burns!
The Orb Guardian shakes off the sticky flame as it moves.
You miss the Orb Guardian. You headbutt the Orb Guardian!
The Orb Guardian is severely wounded.
You block the Orb Guardian's attack.
You puncture the Orb Guardian! Your headbutt misses the Orb Guardian.
The Orb Guardian is almost dead.
You block the Orb Guardian's attack.
You puncture the Orb Guardian!
You kill the Orb Guardian!
Fedhas accepts your kill.
No target in view!
There is a stone staircase leading up here.
What level of the Dungeon? (default 1, ? - help)
You climb upwards.
There is a stone staircase leading down here.
A tormentor comes into view.
There is an open door here.
The tormentor roars!
You close the door.
You feel yourself speed up.
Something unseen opens the door.
As you read the scroll of fog, it dissolves into smoke.
Cast which spell? (? or * to list)
Aiming: Passwall (mildly dangerous; 6% risk of failure)
Press: ? - help, Dir - move target You can't see that place. [a stone staircase leading up.]
You begin to meditate on the wall.
You continue meditating on the rock. x2
Magic restored.
You finish merging with the rock.
There is a stone staircase leading up here.
You climb upwards.
There is a stone staircase leading down here.
Okay, then.
Magic restored.
There is a stone staircase leading up, spattered with blood here.
You climb upwards.
There is a stone staircase leading down here.
Your magical contamination has completely faded away.
There is a stone staircase leading up here.
You climb upwards.
There is a stone staircase leading down here.
A Hell Sentinel comes into view.
Your extra speed is starting to run out.
There is an open door here.
You close the door.
You feel yourself slow down.
Things that are here:
a +0 club; a +0 hand axe
Things that are here:
a +0 robe; a +0 dagger
There is a stone staircase leading up here.
You climb upwards.
There is a stone staircase leading down here.
You see here a +1 antimagic whip.
Things that are here:
a +0 whip; a +0 flail
There is a stone staircase leading up, spattered with blood here.
You climb upwards.
There is a stone staircase leading down here. 2 golden eyes come into view.
The golden eye turns its gaze towards you.
The golden eye turns its gaze towards you.
The golden eye blinks at you. You resist with almost no effort.
The golden eye blinks at you. You resist with almost no effort.
The golden eye blinks at you. You resist with almost no effort.
The golden eye blinks at you. You resist with almost no effort.
The golden eye blinks at you. You resist with almost no effort.
The golden eye blinks at you. You resist with almost no effort.
The golden eye blinks!
The golden eye blinks at you. You resist with almost no effort.
The golden eye blinks at you. You resist with almost no effort.
The golden eye blinks at you. You resist with almost no effort.
The golden eye blinks at you. You resist with almost no effort.
The golden eye blinks at you. You resist with almost no effort.
A golden eye comes into view.
The golden eye blinks at you. You resist with almost no effort.
The golden eye blinks at you. You resist with almost no effort.
There is a stone staircase leading up here.
The golden eye blinks!
You climb upwards.
There is a stone staircase leading down here.
Things that are here:
a +0 leather armour; a +0 hand axe
Things that are here:
a +0 ring mail; a +0 mace
There is a stone staircase leading up here.
You climb upwards.
There is a stone staircase leading down here.
There is an escape hatch in the floor here.
A lorocyproca comes into view.
Unknown command.
Things that are here:
a +0 leather armour; a +0 dagger Cast which spell? (? or * to list)
Aiming: Passwall (mildly dangerous; 6% risk of failure)
Press: ? - help, Dir - move target A rock wall.
This square is shrouded in silence and is covered in magical glow.
You begin to meditate on the wall.
You continue meditating on the rock.
Magic restored.
You continue meditating on the rock.
You finish merging with the rock.
There is a stone staircase leading up here.
You climb upwards.
There is a stone staircase leading down here.
There is a stone staircase leading up here.
You climb upwards.
There is a stone staircase leading down here.
You open the door.
There is an open door here.
A hell beast comes into view.
There is a staircase leading out of the dungeon here.
You block the hell beast's attack. x3; The hell beast completely misses you.
Aiming: Overgrow
Press: ? - help, Dir - move target The translucent stone wall is torn apart as an oklob sapling grows in its place.
The translucent stone wall is torn apart as a wandering mushroom grows in its place.
The translucent stone wall is torn apart as a burning bush grows in its place.
The Orb Guardian hits your wandering mushroom!
You block the hell beast's attack. The hell beast tramples you!
You stumble backwards!
The Orb Guardian hits your wandering mushroom!!!
Cast which spell? (? or * to list)
Okay, then.
Aiming: Overgrow
Press: ? - help, Dir - move target, f - you You cannot grow anything here.
You swap places.
The hell beast bites your wandering mushroom.
The hell beast tramples your wandering mushroom.
Your wandering mushroom holds its ground!
You block the Orb Guardian's attack.
Your oklob sapling spits acid at the hell beast.
Fedhas protects a plant from harm.
The splash of acid misses the hell beast.
The hell beast completely misses your wandering mushroom.
The hell beast tramples your wandering mushroom!
Your wandering mushroom holds its ground!
Your wandering mushroom releases spores at the hell beast!
The hell beast is engulfed in a cloud of dizzying spores!
Your burning bush throws fire at the hell beast.
Fedhas protects a plant from harm.
The puff of flame hits the hell beast!
The Orb Guardian hits you but does no damage.
You block the Orb Guardian's attack.
Your wandering mushroom barely misses the hell beast.
You block the Orb Guardian's attack.
Your oklob sapling spits acid at the hell beast.
The splash of acid hits the hell beast!
The acid corrodes the hell beast!
The hell beast bites your oklob sapling!!
The hell beast tramples your oklob sapling!
Your wandering mushroom releases spores at the hell beast!
The hell beast is engulfed in a cloud of dizzying spores!
The hell beast appears confused.
Aiming: Overgrow
Press: ? - help, Dir - move target You cannot grow anything here.
You hit the Orb Guardian.
You headbutt the Orb Guardian, but do no damage.
You tail-slap the Orb Guardian.
The Orb Guardian looks weaker.
The Orb Guardian is lightly wounded.
You block the Orb Guardian's attack.
You hit the Orb Guardian but do no damage.
You headbutt the Orb Guardian, but do no damage.
The Orb Guardian is lightly wounded.
Your oklob sapling spits acid at the hell beast.
The splash of acid hits the hell beast!!
The hell beast seems to be corroded for longer.
Cast which spell? (? or * to list)
Okay, then.
Aiming: Overgrow
Press: ? - help, Dir - move target You block the Orb Guardian's attack.
The hell beast bites itself!!
The hell beast is killed!
Fedhas accepts your kill. You block the Orb Guardian's attack.
Aiming: Overgrow
Press: ? - help, Dir - move target The stone wall is torn apart as an oklob sapling grows in its place.
The translucent stone wall is torn apart as a ballistomycete grows in its place.
The translucent stone wall is torn apart as a wandering mushroom grows in its place. x2
The granite statue is torn apart as a ballistomycete grows in its place.
The translucent stone wall is torn apart as a wandering mushroom grows in its place.
The Orb Guardian hits you but does no damage.
You block the Orb Guardian's attack. You block the Orb Guardian's attack.
You block the Orb Guardian's attack.
Your oklob sapling spits acid at the Orb Guardian.
The splash of acid hits the Orb Guardian!
The acid corrodes the Orb Guardian!
A ballistomycete spore comes into view.
There is a stone staircase leading down here.
The Orb Guardian attacks as it pursues you!
The Orb Guardian hits you! The Orb Guardian hits you.
Your oklob sapling spits acid at the Orb Guardian.
The splash of acid hits the Orb Guardian!
Aiming: Overgrow
Press: ? - help, Dir - move target The translucent stone wall is torn apart as a ballistomycete grows in its place. x2
The stone wall is torn apart as an oklob sapling grows in its place.
The granite statue is torn apart as a wandering mushroom grows in its place.
The translucent stone wall is torn apart as an oklob sapling grows in its place.
The translucent stone wall is torn apart as a wandering mushroom grows in its place.
You block the Orb Guardian's attack.
Your oklob sapling spits acid at the Orb Guardian.
The splash of acid hits the Orb Guardian!!
Your ballistomycete spore explodes!
Fedhas protects your plant from harm.
The Orb Guardian appears confused.
The explosion of spores engulfs the Orb Guardian!!
The Orb Guardian is almost dead.
A ballistomycete spore comes into view.
You strike the helpless Orb Guardian from behind!
You impale the Orb Guardian!!
You kill the Orb Guardian!
Fedhas accepts your kill.
Your Invocations skill increases to level 21!
Aiming: Overgrow
Press: ? - help, Dir - move target, f - you You cannot grow anything here.
Aiming: Overgrow
Press: ? - help, Dir - move target You swap places.
There is a staircase leading out of the dungeon here.
Aiming: Overgrow
Press: ? - help, Dir - move target The granite statue is torn apart as a wandering mushroom grows in its place.
The translucent stone wall is torn apart as a burning bush grows in its place.
The translucent stone wall is torn apart as an oklob plant grows in its place.
Aiming: Overgrow
Press: ? - help, Dir - move target The granite statue is torn apart as a wandering mushroom grows in its place.
The translucent stone wall is torn apart as a burning bush grows in its place. x2
You can no longer grow an oklob plant.
Aiming: Overgrow
Press: ? - help, Dir - move target The translucent stone wall is torn apart as a wandering mushroom grows in its place.
The translucent stone wall is torn apart as an oklob sapling grows in its place.
The translucent stone wall is torn apart as a wandering mushroom grows in its place.
You can no longer transform dungeon walls and trees into plant allies.
Your ballistomycete spore explodes!
Fedhas protects your plant from harm. x4
Aiming: Grow Ballistomycete (0% risk of failure)
Press: ? - help, Dir - move target A ballistomycete grows from the ground.
Aiming: Grow Ballistomycete (0% risk of failure)
Press: ? - help, Dir - move target A ballistomycete grows from the ground.
* * * LOW MAGIC WARNING * * *
Okay, then.
Aiming: Grow Ballistomycete (0% risk of failure)
Press: ? - help, Dir - move target A ballistomycete grows from the ground.
* * * LOW MAGIC WARNING * * *
Aiming: Grow Ballistomycete (0% risk of failure)
Press: ? - help, Dir - move target A ballistomycete grows from the ground.
* * * LOW MAGIC WARNING * * *
You swap places.
There is a staircase leading out of the dungeon here.
Press: ? - help, v - describe, . - travel A staircase leading out of the dungeon.
This square is covered in magical glow.
Aiming: Grow Ballistomycete (0% risk of failure)
Press: ? - help, Dir - move target A ballistomycete grows from the ground.
* * * LOW MAGIC WARNING * * *
You can no longer grow a ballistomycete.
Okay, then.
You walk carefully through the fungus.
A briar patch grows up from the ground. x3
You swap places.
You walk carefully through the plants.
A briar patch grows up from the ground. x3
You swap places.
You swap places.
A briar patch grows up from the ground. x3
You walk carefully through the plants.
A briar patch grows up from the ground. x4
You walk carefully through the plants.
A briar patch grows up from the ground.
You walk carefully through the fungus.
You cannot walk through the dense trees.
You swap places.
You swap places.
You walk carefully through the fungus.
Okay, then.
You swap places.
A briar patch grows up from the ground. x4
You walk carefully through the plants.
Your wandering mushroom cannot make way for you.
Your wandering mushroom cannot make way for you.
Unknown command.
Your wandering mushroom cannot make way for you.
Unknown command.
Your wandering mushroom cannot make way for you.
You swap places.
You swap places.
You walk carefully through the plants.
You swap places.
You swap places.
A briar patch grows up from the ground.
You walk carefully through the fungus.
A briar patch grows up from the ground.
You swap places.
A briar patch grows up from the ground. x2
You walk carefully through the fungus.
A briar patch grows up from the ground. x2
You can no longer encircle yourself with summoned briar patches.
Your wandering mushroom cannot make way for you.
Unknown command.
Your wandering mushroom cannot make way for you.
Unknown command.
Your wandering mushroom cannot make way for you.
Unknown command.
You swap places.
You swap places.
There is a staircase leading out of the dungeon here.
You have escaped!

.#....#.######........#
...#..#.#######.......#
.#...#................#
...#...#..##########..#
.#...#....#P..#######.#
...#...#..#PPPPPPPP##.#
.#...#.)..#.P.PPPPP.'.#
...#...#..##PPPPff♣##.#
.#...#....#⌠Pfff@ffP'.#
...#...#..##PPfPfP♣##.###
.#...#....#PP.PPPfPP+...#
...#...#..#PPP.P.PP##.#.#
.#...#....#PPPPP.####.#.#
)..#...#.†##########..#.#
.#...#....)..#..........#
...#..#...##............#
.#....##................#


You could see a friendly oklob plant (summoned), 10 friendly wandering
mushrooms, 4 friendly burning bushes, 9 friendly ballistomycetes and 5 friendly
oklob saplings.

Vanquished Creatures
  the Royal Jelly (Slime:5)
  2 dread liches (Zot:5)
  4 ancient liches
  6 orbs of fire (Zot:5)
  Boris (twice) (Crypt:1 Crypt:3)
  Saint Roka (Crypt:2)
  2 Killer Klowns (Zot:5)
  7 golden dragons
  A profane servitor (Crypt:3)
  A bone dragon (Crypt:3)
  A shard shrike zombie (Crypt:3)
  3 electric golems
  4 walking crystal tomes
  13 Orb Guardians
  An Ice Fiend (Vaults:3)
  6 liches
  9 tentacled monstrosities
  A deep elf blademaster (Elf:3)
  5 walking divine tomes
  13 quicksilver dragons
  2 walking frostbound tomes
  A deep elf master archer (Elf:3)
  4 titans
  11 sphinxes
  5 krakens
  24 acid blobs
  6 ancient champions
  8 death cobs
  8 shadow dragons
  The ghost of Ubraesch the Brawler, an adept TrMo of Nemelex Xobeh (Depths:1)
  9 storm dragons
  The ghost of Liforeniyw the Executioner, an adept MiBe of Trog (Snake:3)
  Roxanne (Elf:2)
  The ghost of Yjimoseergh the Spry, an adept SpFE of Dithmenos (Vaults:2)
  8 tengu reavers
  2 protean progenitors (Zot:1)
  6 draconian monks
  14 azure jellies
  4 narguns (Depths:2)
  8 rockslimes
  3 draconian knights
  2 iron dragons (Depths:3)
  9 frost giants
  18 nagarajas
  Louise (Elf:1)
  4 fire giants
  5 deep elf sorcerers (Elf:3)
  2 balrugs (Abyss:3)
  A draconian scorcher (Zot:5)
  15 ghouls
  4 curse skulls
  A draconian stormcaller (Depths:4)
  21 ironbound preservers
  9 vault wardens
  A cacodemon (Depths:1)
  2 draconian shifters (Zot:1)
  5 deep elf elementalists (Elf:3)
  13 quicksilver oozes
  2 orc warlords
  2 formless jellyfish
  5 draconian annihilators
  34 very ugly things
  18 stone giants
  12 deep elf death magi
  8 purple draconians
  3 green draconians
  8 ironbound thunderhulks
  8 black draconians
  14 vampire knights
  2 minotaurs (Shoals:4)
  Nessos (D:13)
  4 deep elf annihilators
  3 deep elf demonologists
  11 red draconians
  4 spark wasps
  8 dire elephants
  2 war gargoyles
  6 white draconians
  Azrael (Elf:1)
  2 yellow draconians
  3 crystal guardians
  7 fire dragons
  15 eidola
  A mummy priest (Crypt:3)
  12 ettins
  2 merfolk javelineers (Shoals:2)
  A blizzard demon (Depths:1)
  2 entropy weavers
  A quicksilver dragon zombie (Crypt:3)
  4 jiangshi
  5 yaktaur captains
  10 merfolk impalers
  5 deep elf high priests (Elf:3)
  7 ice dragons
  2 rakshasas
  4 great orbs of eyes
  5 peacekeepers
  25 vault guards
  2 hell beasts
  A fenstrider witch zombie (Crypt:2)
  2 spriggan zombies (Crypt:3)
  8 ironbound frosthearts
  3 catoblepae
  Erolcha (D:11)
  2 salamander tyrants
  3 ogre magi
  Erica (D:10)
  2 merfolk avatars
  2 radroaches (Zot:1)
  11 anacondas
  5 spriggan air magi
  An Orb Guardian skeleton (Crypt:1)
  14 centaur warriors
  2 boulder beetles
  A merfolk aquamancer (Shoals:4)
  4 hydras
  3 death yaks (Lair:3)
  4 death knights
  11 tengu warriors
  25 dancing weapons
  8 two-headed ogres
  8 satyrs (Shoals:4)
  5 deep troll shamans
  7 orc high priests
  3 titan zombies (Crypt:3)
  A bennu skeleton (Crypt:1)
  4 deep troll earth magi
  A shock serpent (shapeshifter) (Vaults:5)
  21 naga warriors
  2 occultists
  A thrashing horror (Abyss:3)
  5 spriggan berserkers
  Urug (Lair:2)
  7 vampire magi
  5 hell knights (Depths:2)
  14 shock serpents
  13 naga sharpshooters
  A sun demon (Depths:1)
  2 fire crabs (Gauntlet)
  3 skysharks
  A storm dragon zombie (Crypt:3)
  21 deep elf knights
  5 sixfirhies
  An iron troll (Depths:4)
  16 skeletal warriors
  A bunyip zombie (Crypt:3)
  5 salamander mystics
  2 death drakes (Depths:4)
  The ghost of Yah the Cudgeller, a novice GnRe of Kikubaaqudgha (D:6)
  13 sea snakes
  A storm dragon skeleton (Crypt:1)
  54 deep trolls
  A mana viper (shapeshifter) (Depths:3)
  3 flayed ghosts
  2 anaconda zombies (Crypt:3)
  4 arcanists
  A swamp dragon (Lair:5)
  8 mana vipers
  5 bog bodies (Crypt:2)
  3 naga ritualists
  20 ironbound convokers
  27 phantasmal warriors
  A tengu zombie (Vaults:2)
  12 deep elf archers
  6 lindwurms
  A bunyip skeleton (Crypt:1)
  14 orc knights
  A spriggan simulacrum (Crypt:1)
  22 harpies
  11 necromancers
  A shadow demon (Depths:2)
  23 ugly things
  A wolf spider (shapeshifter) (Vaults:5)
  26 deep elf zephyrmancers
  42 deep elf pyromancers
  A stone giant zombie (Vaults:3)
  2 obsidian statues
  4 orc sorcerers
  3 meliai (Gauntlet)
  3 shining eyes
  13 manticores
  A large abomination (Abyss:3)
  6 cyclopes
  A manticore (shapeshifter) (Vaults:5)
  A shadow dragon skeleton (Vaults:3)
  6 wolf spiders
  A worldbinder (Abyss:2)
  4 merfolk sirens
  11 salamanders
  19 fauns
  11 moths of wrath
  9 elephants
  A rust devil (Depths:1)
  6 kobold blastminers (Orc:2)
  22 naga magi
  A centaur zombie (Crypt:3)
  33 black mambas
  16 vault sentinels
  An alligator snapping turtle zombie (Crypt:2)
  11 guardian serpents
  A mana viper zombie (Crypt:2)
  A smoke demon (Abyss:3)
  6 torpor snails (Lair:5)
  An ice statue (D:12)
  2 dire elephant zombies
  4 water nymphs
  An orange demon (Depths:1)
  4 eyes of devastation
  2 gargoyles
  14 cane toads
  4 unseen horrors
  A hellion (Abyss:3)
  2 efreet
  Maggie (D:7)
  7 freezing wraiths
  An iron troll zombie (Crypt:1)
  A purple draconian zombie (Crypt:1)
  A rime drake (shapeshifter) (Depths:3)
  A catoblepas zombie (Crypt:3)
  A dire elephant skeleton (Crypt:2)
  12 yaktaurs
  6 rime drakes
  A kobold demonologist (D:12)
  A tormentor (Depths:1)
  2 centaur skeletons (Crypt:1)
  3 tengu conjurers
  A human zombie (Vaults:3)
  2 ice devils (Gauntlet)
  2 catoblepas skeletons
  2 guardian mummies (Crypt:3)
  4 harpy zombies (Crypt:3)
  15 komodo dragons
  2 polar bears
  A wind drake (Shoals:4)
  A queen bee (shapeshifter) (D:15)
  2 trolls (shapeshifter)
  4 blink frogs
  9 trolls
  2 snapping turtles
  3 tyrant leeches (Lair:5)
  A merfolk (shapeshifter) (Vaults:5)
  19 merfolk
  A dream sheep (shapeshifter) (Vaults:5)
  2 tarantella zombies
  10 hornets
  Prince Ribbit (D:7)
  4 glass eyes
  70 slime creatures
  3 dream sheep (Shoals:4)
  A snapping turtle (shapeshifter) (Depths:4)
  2 black mamba zombies
  6 jumping spiders (Crypt:3)
  2 shadows (D:11)
  8 wraiths
  3 ynoxinuls
  55 yaks
  4 small abominations (Abyss:3)
  A vampire (D:14)
  4 wyverns
  5 fire elementals
  5 water elementals
  Eustachio (D:5)
  5 basilisks
  16 humans (D:13)
  5 redbacks
  A golden eye (Slime:5)
  A redback (shapeshifter) (Depths:3)
  Grum (D:9)
  6 wargs
  9 fire bats (Gauntlet)
  2 harpy simulacra (Crypt:1)
  4 death yak simulacra (Lair:5)
  A steam dragon (Lair:5)
  5 vampire mosquitoes (D:12)
  A neqoxec (Abyss:3)
  Menkaure (D:7)
  A deep troll zombie (Crypt:1)
  A faun zombie (Crypt:2)
  2 glowing shapeshifter zombies
  59 nagas
  5 acid dragons
  A two-headed ogre zombie (Crypt:2)
  Edmund (D:6)
  A hydra simulacrum (Lair:5)
  5 hell hounds
  14 water moccasins
  An ogre skeleton (Vaults:3)
  5 swamp drakes
  3 black bears
  Duvessa (D:5)
  38 orc warriors
  A sky beast (D:6)
  8 ice beasts
  A black bear (shapeshifter) (Elf:1)
  18 wolves
  An ettin simulacrum (Crypt:1)
  3 boggarts (Vaults:2)
  4 laughing skulls
  A wolf (shapeshifter) (D:15)
  10 centaurs
  A crocodile (shapeshifter) (Depths:4)
  10 ogres
  4 phantoms
  A weeping skull (Abyss:3)
  4 kobold brigands
  12 bullfrogs
  A scorpion (D:5)
  14 necrophages
  A salamander skeleton (Crypt:2)
  2 gnoll sergeants
  6 wights
  12 wyvern skeletons (Crypt:3)
  Dowan (D:5)
  4 elephant simulacra (Lair:5)
  A raiju zombie (Crypt:2)
  12 killer bees
  5 howler monkeys
  A wolf skeleton (Crypt:2)
  A human simulacrum (Vaults:2)
  19 orc priests
  A bombardier beetle (D:5)
  6 hounds
  2 jellies
  3 starcursed masses (Abyss:3)
  Terence (D:2)
  12 iguanas
  20 orc wizards
  A hell rat (Lair:5)
  A mummy (Crypt:3)
  10 gnolls
  9 adders
  13 white imps
  2 hell rat simulacra (Lair:5)
  3 ufetubi (Gauntlet)
  A ribbon worm (D:4)
  4 dart slugs
  100 orcs
  8 endoplasms
  6 giant cockroaches
  5 goblins (D:1)
  11 hobgoblins
  3 jackals (D:4)
  24 kobolds
  5 quokkas
  8 ball pythons
  6 bats
  3 frilled lizards
  A hobgoblin zombie (Crypt:2)
  7 rats
  A rat skeleton (Crypt:1)
  An aspiring flesh (Zot:1)
  2 ballistomycete spores (Snake:4)
  5 tentacles
2334 creatures vanquished.

Vanquished Creatures (collateral kills)
  Xtahua (Crypt:2)
  The ghost of Heot Zafel the Impregnable, a veteran MiGl of Hepliaklqana (Crypt:1)
  A golden dragon (Zot:4)
  A curse toe (Zot:5)
  A walking earthen tome (Depths:2)
  A tentacled monstrosity (Vaults:5)
  A lich (Crypt:2)
  An ancient champion (Crypt:2)
  A death cob (Zot:1)
  2 storm dragons
  A tengu reaver (Vaults:5)
  A shadow dragon (Vaults:5)
  A rockslime (Slime:4)
  A fire giant (Depths:3)
  The ghost of Zagger the Deadly Accurate, an adept GrFi of Gozag (Shoals:2)
  A draconian monk (Depths:4)
  2 deep elf sorcerers (Elf:3)
  A balrug (Depths:1)
  2 curse skulls
  2 ghouls (Crypt:2)
  An ironbound thunderhulk (Vaults:2)
  2 ironbound preservers
  2 very ugly things (Vaults:5)
  The ghost of Taxzan the Cleaver, a journeyman MiGl of Okawaru (Lair:1)
  A vampire knight (Crypt:1)
  A black draconian (Depths:4)
  A deep elf death mage (Crypt:2)
  A green draconian (Zot:1)
  A white draconian (Depths:4)
  A purple draconian (Depths:4)
  A minotaur (Gauntlet)
  A red draconian (Zot:1)
  A green death (Depths:4)
  An ettin (Vaults:5)
  2 yaktaur captains
  A merfolk impaler (Shoals:2)
  Josephine (Orc:1)
  A deep elf high priest (Vaults:5)
  An entropy weaver (Vaults:5)
  A fire dragon (Lair:5)
  A death knight (D:15)
  3 dancing weapons
  A naga sharpshooter (Snake:4)
  A naga warrior (Snake:4)
  A soul eater (Crypt:1)
  2 deep elf knights
  A deep troll (Vaults:2)
  2 iron trolls (Depths:3)
  A naga ritualist (Snake:4)
  2 mana vipers (Snake:3)
  3 phantasmal warriors
  A necromancer (Crypt:2)
  An orc knight (Vaults:5)
  A deep elf zephyrmancer (Elf:2)
  2 ugly things (D:15)
  A faun (Shoals:4)
  3 salamanders
  3 vault sentinels (Vaults:5)
  A guardian serpent (Snake:3)
  3 black mambas
  A naga mage (Snake:3)
  A smoke demon (Depths:1)
  A rime drake (D:9)
  4 slime creatures
  A ynoxinul (Depths:1)
  3 wraiths
  A wyvern (D:8)
  A warg (Orc:2)
  A neqoxec (Depths:1)
  2 nagas
  A water moccasin (Lair:4)
  An ogre (Orc:1)
  A centaur (D:7)
  A necrophage (Crypt:2)
  4 killer bees (D:9)
  An orc (Orc:2)
  142 ballistomycete spores
248 creatures vanquished.

Vanquished Creatures (others)
  A deep elf elementalist (Elf:3)
  A very ugly thing (Depths:4)
  A draconian (Abyss:3)
  A large abomination (Abyss:3)
  A raiju (Abyss:3)
  A water elemental (Elf:1)
  2 starcursed masses (Abyss:3)
  16 ballistomycete spores
  25 tentacles
49 creatures vanquished.

Grand Total: 2631 creatures vanquished

Notes
Turn   | Place    | Note
-------+----------+-------------------------------------------
     0 | D:1      | jagoly the Demonspawn Alchemist began the quest for the
                  | Orb.
     0 | D:1      | Reached XP level 1. HP: 13/13 MP: 3/3
   216 | D:1      | Gained mutation: A weak demonic guardian rushes to your
                  | aid. [demonic ancestry]
   216 | D:1      | Reached XP level 2. HP: 19/19 MP: 3/5
   588 | D:1      | You fall into a shaft and drop 1 floor!
   715 | D:2      | Noticed Terence
   834 | D:2      | Reached skill level 1 in Fighting
   834 | D:2      | Gained mutation: Your movements are slightly less
                  | encumbered by armour. (ER -2) [demonic ancestry]
   834 | D:2      | Reached XP level 3. HP: 21/26 MP: 0/6
  1374 | D:1      | Reached XP level 4. HP: 24/33 MP: 1/7
  1470 | D:1      | Learned a level 3 spell: Mephitic Cloud
  1761 | D:2      | Found a broken altar of Ashenzari.
  1769 | D:2      | Identified the +8 rapier "Sumoluf" {pain, rElec rCorr Int+9
                  | Dex-2}
  2386 | D:2      | Killed Terence
  2387 | D:2      | Reached skill level 1 in Air Magic
  2459 | D:3      | Found a sparkling altar of Nemelex Xobeh.
  2460 | D:3      | Found an ornate altar of the Wu Jian Council.
  2460 | D:3      | Found a blossoming altar of Fedhas.
  2469 | D:3      | Became a worshipper of Fedhas Madash
  2850 | D:3      | Gained mutation: Your movements are less encumbered by
                  | armour. (ER -4) [demonic ancestry]
  2850 | D:3      | Reached XP level 5. HP: 38/38 MP: 3/8
  3349 | D:4      | Reached * piety under Fedhas
  4110 | D:4      | Identified the ring "Atsal" {+Blink rPois Int-3 Dex+6
                  | Slay+5}
  4118 | D:4      | Learned a level 4 spell: Ignite Poison
  4271 | D:4      | Gained mutation: You have a small tail. [demonic ancestry]
  4271 | D:4      | Reached XP level 6. HP: 40/44 MP: 3/10
  4453 | D:5      | Entered Level 5 of the Dungeon
  4532 | D:5      | Reached skill level 5 in Alchemy
  4545 | D:5      | Reached skill level 1 in Fire Magic
  4649 | D:5      | Noticed Eustachio
  4748 | D:5      | Killed Eustachio
  4749 | D:5      | Reached XP level 7. HP: 50/50 MP: 3/11
  4752 | D:5      | Learned a level 2 spell: Static Discharge
  4869 | D:5      | Reached ** piety under Fedhas
  4919 | D:5      | Found a staircase to the Ecumenical Temple.
  5186 | D:5      | Noticed Duvessa
  5221 | D:5      | Identified the +1 ring mail of the Wary Suns {Will+}
  5653 | D:5      | Identified the +6 sling of a Labyrinth {freeze, Stlth+}
  5660 | D:5      | Gained mutation: You have a tail ending in a sharp stinger.
                  | [demonic ancestry]
  5660 | D:5      | Reached XP level 8. HP: 35/56 MP: 14/14
  5665 | D:5      | Learned a level 4 spell: Olgreb's Toxic Radiance
  5742 | D:5      | Found Saipp's General Store.
  6296 | D:5      | Noticed Dowan
  6302 | D:5      | Killed Dowan
  6307 | D:5      | Killed Duvessa
  6424 | D:6      | Reached skill level 5 in Spellcasting
  7114 | D:6      | Reached *** piety under Fedhas
  7210 | D:6      | Noticed Edmund
  7217 | D:6      | Killed Edmund
  7503 | D:6      | Found a runed translucent door.
  7503 | D:6      | Found a shimmering altar of Xom.
  7503 | D:6      | Noticed Yah's ghost (novice GnRe)
  7504 | D:6      | Noticed a +0 quarterstaff of chaos
  7675 | D:5      | Bought a potion of brilliance for 56 gold pieces
  7675 | D:5      | Bought a potion of resistance for 140 gold pieces
  7675 | D:5      | Bought a scroll of revelation for 105 gold pieces
  7848 | D:7      | Gained mutation: You regenerate magic rapidly. [demonic
                  | ancestry]
  7848 | D:7      | Reached XP level 9. HP: 51/62 MP: 16/16
  7901 | D:7      | Noticed Menkaure
  7912 | D:7      | Killed Menkaure
  8051 | D:7      | Found Idikim's Antique Armour Boutique.
  8061 | D:7      | Noticed Prince Ribbit
  8073 | D:7      | Killed Prince Ribbit
  8288 | D:7      | Reached skill level 1 in Invocations
  8293 | D:7      | Reached skill level 2 in Invocations
  8541 | D:7      | Found an iron altar of Okawaru.
  8562 | D:7      | Reached skill level 3 in Invocations
  8667 | D:7      | Reached **** piety under Fedhas
  8671 | D:7      | Reached skill level 4 in Invocations
  8735 | D:7      | Noticed Maggie
  8743 | D:7      | Killed Maggie
  8744 | D:7      | Reached skill level 6 in Invocations
  8863 | D:8      | Reached skill level 7 in Invocations
  9025 | D:8      | Reached skill level 8 in Invocations
  9063 | D:8      | Identified the amulet of Hoal {Regen+ Dex+3}
  9074 | D:8      | Gained mutation: A demonic guardian rushes to your aid.
                  | [demonic ancestry]
  9074 | D:8      | Reached XP level 10. HP: 59/71 MP: 17/17
  9165 | D:8      | Reached skill level 1 in Throwing
  9312 | D:8      | Found a shadowy altar of Dithmenos.
  9644 | D:9      | Reached skill level 1 in Armour
  9884 | D:9      | Reached ***** piety under Fedhas
  9944 | D:9      | Reached skill level 5 in Stealth
 10117 | D:9      | Noticed Grum
 10123 | D:9      | Killed Grum
 10124 | D:9      | Reached skill level 5 in Fighting
 10299 | D:9      | Reached skill level 5 in Dodging
 10606 | D:9      | Identified the +1 shortbow of Dithmenos, Writhing {flame,
                  | Int+3}
 10609 | D:9      | Found a staircase to the Lair.
 10692 | D:10     | Entered Level 10 of the Dungeon
 10792 | D:10     | Reached skill level 1 in Evocations
 11044 | D:10     | Reached XP level 11. HP: 81/81 MP: 18/18
 11103 | D:10     | Noticed Erica
 11110 | D:10     | Killed Erica
 12084 | D:11     | Noticed a two-headed ogre
 12091 | D:11     | Killed a two-headed ogre
 12092 | D:11     | Reached skill level 9 in Invocations
 12260 | D:11     | Noticed a two-headed ogre
 12271 | D:11     | Killed a two-headed ogre
 12371 | D:11     | Noticed Erolcha
 12467 | D:11     | Killed Erolcha
 12468 | D:11     | Reached skill level 10 in Invocations
 12677 | D:11     | Found a staircase to the Orcish Mines.
 12678 | D:11     | Reached ****** piety under Fedhas
 13120 | Orc:1    | Entered Level 1 of the Orcish Mines
 13375 | Orc:1    | Noticed an orc sorcerer
 13384 | Orc:1    | Killed an orc sorcerer
 13403 | Orc:1    | Noticed Josephine
 13413 | Orc:1    | Killed Josephine
 13458 | Orc:1    | Noticed an orc knight
 13554 | Orc:1    | Killed an orc knight
 13555 | Orc:1    | Reached skill level 10 in Alchemy
 13555 | Orc:1    | Reached skill level 11 in Invocations
 13576 | Orc:1    | Noticed an orc knight
 13583 | Orc:1    | Gained mutation: When hurt, damage is shared between your
                  | health and your magic reserves. [demonic ancestry]
 13583 | Orc:1    | Reached XP level 12. HP: 89/89 MP: 20/20
 13872 | Orc:2    | Entered Level 2 of the Orcish Mines
 14455 | Orc:2    | Noticed an orc high priest
 14459 | Orc:2    | Killed an orc high priest
 14631 | Orc:2    | Reached skill level 12 in Invocations
 14999 | Orc:2    | Found Cuadd's Book Emporium.
 14999 | Orc:2    | Found Toxoluobu's Antique Armour Shoppe.
 14999 | Orc:2    | Noticed an orc high priest
 14999 | Orc:2    | Noticed an orc high priest
 14999 | Orc:2    | Noticed an orc high priest
 14999 | Orc:2    | Noticed an orc high priest
 15003 | Orc:2    | Killed an orc high priest
 15003 | Orc:2    | Killed an orc high priest
 15003 | Orc:2    | Killed an orc high priest
 15005 | Orc:2    | Killed an orc high priest
 15221 | Orc:2    | Found Dicual's Assorted Antiques.
 15562 | Orc:2    | Found a staircase to the Elven Halls.
 15896 | Orc:2    | Bought a scroll labelled DUIGGU ESOLIST for 27 gold pieces
 15901 | Orc:2    | Learned a level 4 spell: Sticky Flame
 15933 | Orc:2    | Bought a pair of glowing gloves for 270 gold pieces
 16071 | Lair:1   | Entered Level 1 of the Lair of Beasts
 16157 | Lair:1   | Reached XP level 13. HP: 101/101 MP: 22/22
 16563 | Lair:1   | Reached skill level 5 in Fire Magic
 16648 | Lair:1   | Noticed Taxzan's ghost (journeyman MiGl)
 16650 | Lair:1   | Found a runed translucent door.
 17037 | Lair:2   | Reached skill level 10 in Fighting
 17340 | Lair:2   | Found a staircase to the Shoals.
 17418 | Lair:2   | Noticed Urug
 17885 | Lair:2   | Killed Urug
 18900 | Lair:3   | Found a staircase to the Snake Pit.
 19517 | Lair:4   | Gained mutation: You have a sharp stinger which inflicts
                  | weakening toxins. [demonic ancestry]
 19517 | Lair:4   | Reached XP level 14. HP: 113/113 MP: 23/23
 19520 | Lair:4   | Learned a level 2 spell: Mercury Vapours
 20048 | Lair:5   | Entered Level 5 of the Lair of Beasts
 20445 | Lair:5   | Found a viscous altar of Jiyva.
 20445 | Lair:5   | Found a staircase to the Slime Pits.
 20468 | Lair:5   | Reached skill level 10 in Stealth
 20657 | Lair:5   | Reached skill level 10 in Dodging
 21121 | Lair:5   | Reached skill level 13 in Invocations
 22373 | D:6      | Paralysed by a +0 quarterstaff of chaos for 1 turns
 22536 | Orc:2    | Bought a book of Spontaneous Combustion for 494 gold pieces
 22542 | Orc:2    | Learned a level 5 spell: Irradiate
 22756 | D:6      | Killed Yah's ghost
 23281 | D:12     | Reached skill level 5 in Armour
 23283 | D:12     | Reached skill level 5 in Conjurations
 23604 | D:12     | Gained mutation: Your hexes are more powerful. [demonic
                  | ancestry]
 23604 | D:12     | Reached XP level 15. HP: 111/120 MP: 25/25
 23636 | D:12     | Reached skill level 1 in Shields
 24023 | D:12     | Got Yqall's Almanac of Hot Transmutation
 24279 | D:13     | Noticed Nessos
 24279 | D:13     | Found a gate to the Vaults.
 24282 | D:13     | Killed Nessos
 24283 | D:13     | Reached skill level 14 in Invocations
 24632 | D:13     | Found Nydag's Armour Boutique.
 25036 | D:14     | Identified the ring "Uryrr" {rPois Will+++ rCorr Int-2
                  | Stlth+}
 25499 | D:14     | Identified 2 scrolls of acquirement
 25500 | D:14     | Acquired Risuuf's Monograph on Wounds
 25502 | D:14     | Acquired 524 gold pieces
 25808 | D:15     | Entered Level 15 of the Dungeon
 25824 | D:15     | Reached skill level 5 in Shields
 25937 | D:15     | Found Wolah's General Store.
 25972 | D:15     | Found a gate leading to a gauntlet.
 26005 | Gauntlet | Entered a Gauntlet
 26005 | Gauntlet | Found a transporter.
 26005 | Gauntlet | Found a transporter.
 26059 | Gauntlet | Found a transporter.
 26068 | Gauntlet | Found a transporter.
 26084 | Gauntlet | Found a transporter.
 26094 | Gauntlet | Found a transporter.
 26110 | Gauntlet | Found a transporter.
 26118 | Gauntlet | Found a transporter.
 26118 | Gauntlet | Found a transporter.
 26121 | Gauntlet | Found a transporter.
 26160 | Gauntlet | Found a transporter.
 26168 | Gauntlet | Found a transporter.
 26226 | Gauntlet | Found a transporter.
 26246 | Gauntlet | Found a transporter.
 26366 | Gauntlet | Found a transporter.
 26384 | Gauntlet | Found a transporter.
 26560 | Gauntlet | Identified the +0 hat of the Okapi {rPois}
 26680 | Gauntlet | Identified the scarf "Duaggack" {harm, Regen+ Slay+4}
 26805 | Gauntlet | Identified the +3 leather armour of the Dozen Tusks {Harm
                  | *Corrode Str+4 Dex+9}
 27264 | D:15     | Reached skill level 15 in Invocations
 27473 | D:15     | Found a sacrificial altar of Ru.
 27707 | D:15     | Reached XP level 16. HP: 123/127 MP: 20/27
 27741 | D:15     | Found a staircase to the Depths.
 28195 | Orc:2    | Bought a scroll of identify for 54 gold pieces
 28227 | Orc:2    | Bought a Fen Folio for 546 gold pieces
 28380 | D:7      | Bought the +3 crown of Dyrovepreva {rElec Int+2 SInv} for
                  | 910 gold pieces
 28380 | D:7      | Found the +3 crown of Dyrovepreva {rElec Int+2 SInv}
 28590 | Lair:1   | Killed Taxzan's ghost
 28663 | Shoals:1 | Entered Level 1 of the Shoals
 28713 | Shoals:1 | Reached skill level 16 in Invocations
 28872 | Shoals:1 | Found Imarghink's Antique Weapon Emporium.
 29334 | Shoals:2 | Reached skill level 5 in Evocations
 29365 | Shoals:2 | Found a flickering gateway to a bazaar.
 29389 | Bazaar   | Entered a bazaar
 29389 | Bazaar   | Found Remiyzir's Book Emporium.
 29397 | Bazaar   | Found Cuch's Antique Armour Emporium.
 29405 | Bazaar   | Found Wid Zigh's Armour Shop.
 29414 | Bazaar   | Found Dagill's Weapon Shop.
 29420 | Bazaar   | Found Zootwia's Antique Weapon Boutique.
 29497 | Bazaar   | Bought a twisted dagger for 224 gold pieces
 29497 | Bazaar   | Identified the +9 dagger of Myhud {drain, rC+ Dex+4} (You
                  | bought it in a shop in a bazaar)
 29526 | Bazaar   | Bought a book of Misfortune for 374 gold pieces
 29606 | Shoals:2 | Found a transporter.
 29844 | Shoals:2 | Noticed Zagger's ghost (adept GrFi)
 30119 | Shoals:2 | Found a bloodstained altar of Trog.
 30124 | Shoals:2 | Found a transporter.
 30126 | Shoals:2 | Identified the amulet of Xom's Entertainment {RegenMP
                  | Stlth+}
 30193 | Shoals:2 | Noticed a kraken
 30203 | Shoals:2 | Killed a kraken
 30387 | Shoals:2 | Killed Zagger's ghost
 30517 | Shoals:2 | Learned a level 6 spell: Eringya's Noxious Bog
 30518 | Shoals:3 | Noticed a kraken
 30518 | Shoals:3 | Noticed a kraken
 30518 | Shoals:3 | Noticed a kraken
 30518 | Shoals:3 | Noticed a kraken
 30523 | Shoals:3 | Killed a kraken
 30525 | Shoals:3 | Killed a kraken
 30525 | Shoals:3 | Killed a kraken
 30527 | Shoals:3 | Killed a kraken
 30630 | Shoals:3 | Identified the +5 great sword "Foicroul" {spect, rElec
                  | rN+++ Str-2 Int-4}
 30744 | Shoals:3 | Reached skill level 10 in Spellcasting
 31335 | Shoals:4 | Entered Level 4 of the Shoals
 31906 | Shoals:4 | Gained mutation: Your melee attacks may debilitate your
                  | foes. [demonic ancestry]
 31906 | Shoals:4 | Reached XP level 17. HP: 120/133 MP: 14/31
 32331 | Shoals:4 | Noticed a sphinx
 32340 | Shoals:4 | Killed a sphinx
 32452 | Shoals:4 | Noticed a sphinx
 32459 | Shoals:4 | Killed a sphinx
 32654 | Shoals:4 | Got a barnacled rune of Zot
 32737 | Shoals:4 | Learned a level 5 spell: Yara's Violent Unravelling
 32853 | Snake:1  | Entered Level 1 of the Snake Pit
 32881 | Snake:1  | Reached skill level 1 in Hexes
 32943 | Snake:1  | Identified the +7 chain mail "Voixo" {Will+ MP+9 Stlth+}
 33048 | Snake:1  | Found a runed translucent door.
 33132 | Snake:1  | Reached skill level 1 in Short Blades
 33969 | Snake:1  | Identified the +5 battleaxe of Heestrif {antimagic, rC+
                  | SInv Stlth+}
 33982 | Snake:2  | Found Wussietu's Magic Scroll Boutique.
 33989 | Snake:2  | Found Goathox's Antique Armour Boutique.
 34517 | Snake:2  | Found Tahiaq's Jewellery Shoppe.
 34855 | Snake:3  | Reached skill level 5 in Short Blades
 35408 | Snake:3  | Reached XP level 18. HP: 110/140 MP: 4/32
 35599 | Snake:3  | Identified the +0 long sword of the Protecting Seeker
                  | {flame, Str+2 SInv}
 35821 | Snake:3  | Found a transporter.
 35824 | Snake:3  | Noticed Liforeniyw's ghost (adept MiBe)
 35852 | Snake:3  | Found a transporter.
 35870 | Snake:3  | Reached skill level 10 in Shields
 35904 | Snake:3  | Found Bakuqahu's Antique Armour Emporium.
 36077 | Snake:2  | Bought a scroll of identify for 24 gold pieces
 36078 | Snake:2  | Bought a scroll of identify for 24 gold pieces
 36079 | Snake:2  | Bought a scroll of identify for 24 gold pieces
 36149 | Snake:4  | Entered Level 4 of the Snake Pit
 37494 | Snake:4  | Got a serpentine rune of Zot
 38258 | Snake:1  | Identified the amulet "Quav" {rPois rF+ rN+ Regen+}
 39099 | Elf:1    | Entered Level 1 of the Elven Halls
 39121 | Elf:1    | Gained mutation: Your movements are significantly less
                  | encumbered by armour. (ER -6) [demonic ancestry]
 39121 | Elf:1    | Reached XP level 19. HP: 143/146 MP: 13/33
 39623 | Elf:1    | Found Josyes's Assorted Antiques.
 39678 | Elf:1    | Noticed Louise
 39692 | Elf:1    | Killed Louise
 39850 | Elf:1    | Noticed Azrael
 39854 | Elf:1    | Killed Azrael
 40803 | Elf:2    | Noticed Roxanne
 40847 | Elf:2    | Found a huge runed translucent gate.
 40847 | Elf:2    | Found a huge runed translucent gate.
 40849 | Elf:2    | Found a huge runed translucent gate.
 41031 | Elf:2    | Found a huge runed translucent gate.
 41032 | Elf:2    | Found a huge runed translucent gate.
 41391 | Elf:2    | Identified the blade talisman of Grim Happiness {Will++
                  | Int+3 Dex-3 Slay+4 Stlth-}
 41635 | Elf:2    | Killed Roxanne
 41709 | Elf:3    | Entered Level 3 of the Elven Halls
 41761 | Elf:2    | Reached skill level 10 in Armour
 42707 | Elf:3    | Identified the +3 halberd "Ofappor" {protect, +Blink}
 42707 | Elf:3    | Identified the amulet of Daleteaf {Spirit +Blink Str-2
                  | Int+2 Slay+2}
 42731 | Elf:3    | Reached skill level 10 in Conjurations
 42740 | Elf:3    | Reached XP level 20. HP: 74/142 MP: 1/35
 42885 | Elf:3    | Identified the +5 flail "Undertaker" {vamp, *Slow rElec
                  | Dex+2}
 43119 | Elf:3    | Identified the +6 long sword of Unpleasantness {heavy,
                  | rPois rCorr Str+3 Int-5}
 43258 | Elf:3    | Identified the +9 hand axe "Ditzihif" {flame, Int+2}
 43262 | Elf:3    | Reached skill level 15 in Shields
 43510 | Elf:3    | Found the +11 Singing Sword {sonic wave}
 43541 | Elf:3    | Identified the +0 hat "Subai" {^Contam rC+ rN+ Str+2}
 43590 | Elf:3    | Identified the +0 helmet of Xom's Benevolence {rC++ Regen+}
 43599 | Elf:3    | Got the Incunable of the Disjunct Salvo
 43601 | Elf:3    | Identified the staff "Raisin" {rF- rN++ Stlth- Summ Earth}
 43692 | Elf:3    | Reached skill level 10 in Fire Magic
 43776 | Elf:3    | Got the Secrets of Iron Distance
 43887 | Elf:1    | Bought a scroll of identify for 60 gold pieces
 43887 | Elf:1    | Bought a sapphire potion for 27 gold pieces
 43895 | Elf:1    | Learned a level 6 spell: Starburst
 44229 | Snake:2  | Bought a scroll of brand weapon for 114 gold pieces
 44231 | Snake:2  | Bought a scroll of enchant armour for 90 gold pieces
 44405 | Vaults:1 | Entered Level 1 of the Vaults
 45149 | Vaults:1 | Reached XP level 21. HP: 159/159 MP: 37/37
 46043 | Vaults:2 | Found Oxuchif's Book Boutique.
 46382 | Vaults:2 | Identified the +0 pair of gloves "Hiril" {rPois rC+ Int+2}
 46489 | Vaults:2 | Found Quucagum's Magic Scroll Boutique.
 46560 | Vaults:2 | Identified the +0 leather armour of the Ageless Ghosts {rF+
                  | Dex+3}
 46731 | Vaults:2 | Found a runed translucent door.
 46740 | Vaults:2 | Noticed Yjimoseergh's ghost (adept SpFE)
 46774 | Vaults:2 | Killed Yjimoseergh's ghost
 47000 | Vaults:2 | Found Goanao's Book Boutique.
 47256 | Vaults:3 | Gained mutation: You are surrounded by an aura of silence.
                  | [demonic ancestry]
 47256 | Vaults:3 | Reached XP level 22. HP: 162/167 MP: 30/38
 47315 | Vaults:3 | Found Iroqykha's Assorted Antiques.
 47822 | Vaults:3 | Reached skill level 10 in Short Blades
 48355 | Vaults:3 | Found a staircase to the Crypt.
 48463 | Vaults:3 | Found Jalluj's Antique Armour Shop.
 48861 | Vaults:4 | Found Kumilel's Assorted Antiques.
 50084 | Vaults:4 | Gained mutation: When low on magic, you restore magic in
                  | place of health. [demonic ancestry]
 50084 | Vaults:4 | Reached XP level 23. HP: 176/176 MP: 39/39
 50087 | Vaults:5 | Entered Level 5 of the Vaults
 50266 | Vaults:5 | Identified the +9 rapier "Tauzojag" {freeze, MP+9}
 50654 | Vaults:5 | Identified the +9 flail of Action {protect, rElec Str+8
                  | Int+5 Dex-2}
 50660 | Vaults:5 | Noticed an ancient lich
 50678 | Vaults:5 | Killed an ancient lich
 50682 | Vaults:5 | Reached XP level 24. HP: 85/185 MP: 5/39
 50712 | Vaults:5 | Identified the +7 long sword "Eviscerator" {venom, rElec}
 50808 | Vaults:5 | Found the +7 great mace "Firestarter" {flame, immolate,
                  | rFlCloud rF++}
 51117 | Vaults:5 | Identified the staff of the Screaming Gods {rPois rN+
                  | Will++ Str-2 Dex-4 Alchemy}
 51118 | Vaults:5 | Noticed an ancient lich
 51130 | Vaults:5 | Killed an ancient lich
 51561 | Vaults:5 | Reached skill level 15 in Fighting
 51659 | Vaults:5 | Identified the +11 scimitar of Gallantry {holy, rN+ Int-4
                  | Stlth+}
 51814 | Vaults:5 | Identified the +9 shortbow of the Empty Page {antimagic,
                  | Will- Int+4}
 51851 | Vaults:5 | Got a silver rune of Zot
 52341 | Vaults:5 | Got the Secrets of Dislocated Phlogiston
 52346 | Vaults:5 | Got Sif Muna's Incunabulum of the Singularity and Curses
 52615 | Vaults:3 | Bought a twisted chain mail for 427 gold pieces
 52615 | Vaults:3 | Identified the +1 chain mail of Paassool {Harm Rampage
                  | Int+3 Stlth-} (You bought it in a shop on level 3 of the
                  | Vaults)
 52965 | Snake:3  | Killed Liforeniyw's ghost
 52998 | Snake:3  | Bought a masterwork chain mail for 256 gold pieces
 52998 | Snake:3  | Identified the +1 chain mail of the Little Devil {Rampage
                  | Int+6 Stlth-} (You bought it in a shop on level 3 of the
                  | Snake Pit)
 53268 | Orc:2    | Bought a spiked chain mail for 342 gold pieces
 53268 | Orc:2    | Identified the +0 chain mail "Echegioj" {Will+ Int+3} (You
                  | bought it in a shop on level 2 of the Orcish Mines)
 53522 | Slime:1  | Entered Level 1 of the Pits of Slime
 53862 | Slime:5  | Entered Level 5 of the Pits of Slime
 54336 | Slime:5  | Reached skill level 17 in Invocations
 54336 | Slime:5  | Found a viscous altar of Jiyva.
 54343 | Slime:5  | Noticed the Royal Jelly
 54375 | Slime:5  | Killed the Royal Jelly
 54579 | Slime:5  | Identified the staff "Inuod" {*Corrode rElec rN+ Str+6
                  | Necro Air}
 54601 | Slime:5  | Got the Annotations on Blasts
 54631 | Slime:5  | Identified the ring "Aboitoj" {Str+6 Slay+2 Stlth+}
 54653 | Slime:5  | Identified the +1 scale mail of the Hidden Vale {*Slow rN+
                  | Int+2}
 54655 | Slime:5  | Got Sif Muna's Handbook of the Unicorn
 54680 | Slime:5  | Identified the +2 sling of the Whale {flame, rCorr}
 54682 | Slime:5  | Got Zoklaa's Compendium of Mighty Frostbite
 54701 | Slime:5  | Got a slimy rune of Zot
 54710 | Slime:5  | Got the Elucidation of Oromancy
 54852 | Slime:5  | Acquired a book of the Spheres
 55020 | Snake:2  | Bought a scroll of fog for 48 gold pieces
 55020 | Snake:2  | Bought a scroll of fog for 48 gold pieces
 55310 | Crypt:1  | Entered Level 1 of the Crypt
 55337 | Crypt:1  | Learned a level 1 spell: Apportation
 55351 | Crypt:1  | Gained mutation: A powerful demonic guardian rushes to your
                  | aid. [demonic ancestry]
 55351 | Crypt:1  | Reached XP level 25. HP: 197/197 MP: 39/39
 55375 | Crypt:1  | Reached skill level 1 in Translocations
 55411 | Crypt:1  | Found a runed translucent gate.
 55411 | Crypt:1  | Found an opulent altar of Gozag.
 55412 | Crypt:1  | Found a runed translucent gate.
 55414 | Crypt:1  | Found a runed translucent gate.
 55416 | Crypt:1  | Found Goduer's Assorted Antiques.
 55416 | Crypt:1  | Noticed Heot Zafel's ghost (veteran MiGl)
 55503 | Crypt:1  | Noticed Boris
 55525 | Crypt:1  | Killed Boris
 55757 | Crypt:1  | Identified the ring of Knowledge {rC+ Int+5 Dex+6 Slay-2}
 56034 | Crypt:1  | Identified the +2 chain mail "Meol" {rElec}
 56049 | Crypt:1  | Reached skill level 18 in Invocations
 56184 | Crypt:2  | Noticed Xtahua
 56192 | Crypt:2  | Noticed an ancient lich
 56217 | Crypt:2  | Noticed Saint Roka
 56226 | Crypt:2  | Killed Saint Roka
 56406 | Crypt:2  | Killed Xtahua
 56793 | Crypt:2  | Found a transporter.
 56795 | Crypt:2  | Found a shimmering blue altar of Sif Muna.
 57067 | Crypt:3  | Entered Level 3 of the Crypt
 57110 | Crypt:3  | Noticed Boris
 57137 | Crypt:3  | Killed Boris
 57717 | Crypt:3  | Identified the staff of Distant Worlds {rC+ Stlth+ Air
                  | Earth}
 57820 | Crypt:3  | Got the Exposition on Sinister Rituals
 57970 | Crypt:3  | Reached skill level 15 in Armour
 57970 | Crypt:3  | Reached skill level 19 in Invocations
 58236 | Crypt:3  | Found a staircase to the Tomb.
 58732 | Crypt:3  | Found a basalt altar of Yredelemnul.
 59303 | Crypt:3  | Identified the +3 trident "Beetlebane" {freeze, Will+}
 59344 | Crypt:3  | Identified the amulet "Patwuuni" {Acrobat rElec Will+}
 59525 | Crypt:2  | Killed an ancient lich
 59677 | Crypt:2  | Found a transporter.
 59677 | Crypt:2  | Identified the +12 orcbow "Spiderbane" {elec, Dex+2}
 59942 | Crypt:1  | Killed Heot Zafel's ghost
 59943 | Crypt:1  | Reached XP level 26. HP: 160/207 MP: 18/39
 60152 | Crypt:1  | Bought a scroll of fog for 96 gold pieces
 60280 | Vaults:2 | Bought a book of Burglary for 418 gold pieces
 60322 | Vaults:3 | Bought 2 potions of might for 336 gold pieces
 60322 | Vaults:3 | Bought a potion of resistance for 420 gold pieces
 60322 | Vaults:3 | Bought 2 potions of haste for 840 gold pieces
 60368 | Vaults:2 | Bought a manual of Evocations for 1680 gold pieces
 60372 | Vaults:2 | Learned a level 3 spell: Swiftness
 60716 | Depths:1 | Entered Level 1 of the Depths
 61003 | Depths:1 | Found a gateway to Hell.
 61564 | Depths:1 | Found a one-way gateway to a ziggurat.
 61884 | Depths:1 | Reached skill level 20 in Invocations
 61931 | Depths:1 | Found a runed translucent door.
 61970 | Depths:1 | Noticed Ubraesch's ghost (adept TrMo)
 61991 | Depths:1 | Killed Ubraesch's ghost
 61993 | Depths:1 | Identified the +6 dagger "Hydrabane" {elec, rC- rN+ Dex+2}
 62272 | Depths:2 | Identified the +1 double sword "Moton" {drain, +Blink rPois
                  | rN+}
 62589 | D:15     | Learned a level 4 spell: Vhi's Electric Charge
 62743 | Depths:2 | Found a hazy altar of Hepliaklqana.
 62773 | Depths:2 | Found a one-way gate leading to the halls of Pandemonium.
 63551 | Depths:3 | Reached skill level 5 in Translocations
 63551 | Depths:3 | Reached skill level 5 in Air Magic
 63618 | Depths:3 | Found a one-way gate to the infinite horrors of the Abyss.
 63939 | Depths:3 | Identified the +5 tower shield "Uroif" {+Inv Int+3}
 64376 | Depths:3 | Found the +3 warlock's mirror {omnireflect}
 64400 | Depths:3 | Identified the +7 rapier of the Snake Pit {freeze, Dex+4}
 64825 | Depths:4 | Entered Level 4 of the Depths
 65271 | Depths:4 | Reached XP level 27. HP: 219/219 MP: 39/39
 65436 | Depths:4 | Reached skill level 15 in Dodging
 66559 | Depths:4 | Identified the +0 shortbow of Change {flame, rElec rPois
                  | Str+3 Int-2}
 67006 | Depths:4 | Found a gate to the Realm of Zot.
 67280 | D:15     | Learned a level 3 spell: Passwall
 67362 | Depths:3 | Voluntarily entered the Abyss.
 67411 | Abyss:2  | Found a corrupted altar of Lugonu.
 67553 | Abyss:3  | Reached skill level 1 in Earth Magic
 67560 | Abyss:3  | Found a corrupted altar of Lugonu.
 67742 | Abyss:3  | Found a corrupted altar of Lugonu.
 67792 | Abyss:3  | Found a transporter.
 67814 | Abyss:3  | Noticed a dread lich
 67818 | Abyss:3  | Paralysed by accursed screaming for 1 turns
 67822 | Abyss:3  | Got an abyssal rune of Zot
 67958 | Depths:3 | Escaped the Abyss
 68085 | Zot:1    | Entered Level 1 of the Realm of Zot
 69193 | Zot:2    | Noticed an orb of fire
 69300 | Zot:5    | Entered Level 5 of the Realm of Zot
 69893 | Zot:5    | Noticed an orb of fire
 69906 | Zot:5    | Gained mutation: Armour fits poorly on your strangely
                  | shaped body. [an orb of fire]
 69913 | Zot:5    | Killed an orb of fire
 69916 | Zot:5    | Noticed an orb of fire
 69927 | Zot:5    | Gained mutation: You are dopey. (Int -2) [an orb of fire]
 69931 | Zot:5    | Killed an orb of fire
 69936 | Zot:5    | Noticed an orb of fire
 69936 | Zot:5    | Noticed a dread lich
 69943 | Zot:5    | Killed a dread lich
 69965 | Zot:5    | Killed an orb of fire
 69969 | Zot:5    | Noticed an orb of fire
 69988 | Zot:5    | Killed an orb of fire
 69990 | Zot:5    | Noticed an orb of fire
 70004 | Zot:5    | Gained mutation: You occasionally lose the ability to drink
                  | potions when taking damage. [an orb of fire]
 70016 | Zot:5    | Killed an orb of fire
 70022 | Zot:5    | Noticed an orb of fire
 70044 | Zot:5    | Gained mutation: You are clumsy. (Dex -2) [an orb of fire]
 70048 | Zot:5    | Killed an orb of fire
 70063 | Zot:5    | Noticed an ancient lich
 70101 | Zot:5    | Noticed a dread lich
 70133 | Zot:5    | Killed an ancient lich
 70141 | Zot:5    | Killed a dread lich
 70195 | Zot:5    | Lost mutation: Armour fits poorly on your strangely shaped
                  | body. [potion of mutation]
 70195 | Zot:5    | Lost mutation: You are dopey. (Int -2) [potion of mutation]
 70195 | Zot:5    | Lost mutation: You are clumsy. (Dex -2) [potion of
                  | mutation]
 70195 | Zot:5    | Gained mutation: You have an increased reservoir of magic.
                  | (+10% MP) [potion of mutation]
 70195 | Zot:5    | Gained mutation: You are clumsy. (Dex -2) [potion of
                  | mutation]
 70196 | Zot:5    | Lost mutation: You are clumsy. (Dex -2) [potion of
                  | mutation]
 70196 | Zot:5    | Lost mutation: You have an increased reservoir of magic.
                  | (+10% MP) [potion of mutation]
 70196 | Zot:5    | Gained mutation: You are frail. (-10% HP) [potion of
                  | mutation]
 70196 | Zot:5    | Gained mutation: Your health recovers twice as slowly from
                  | being drained. [potion of mutation]
 70196 | Zot:5    | Gained mutation: Your mind is acute. (Int +4, Str/Dex -1)
                  | [potion of mutation]
 70196 | Zot:5    | Gained mutation: Your flesh is cold resistant. (rC+)
                  | [potion of mutation]
 70197 | Zot:5    | Lost mutation: You occasionally lose the ability to drink
                  | potions when taking damage. [potion of mutation]
 70197 | Zot:5    | Lost mutation: Your flesh is cold resistant. (rC+) [potion
                  | of mutation]
 70197 | Zot:5    | Gained mutation: You are clumsy. (Dex -2) [potion of
                  | mutation]
 70198 | Zot:5    | Lost mutation: You are clumsy. (Dex -2) [potion of
                  | mutation]
 70198 | Zot:5    | Lost mutation: You are frail. (-10% HP) [potion of
                  | mutation]
 70198 | Zot:5    | Gained mutation: Your body sometimes deteriorates upon
                  | taking damage. [potion of mutation]
 70198 | Zot:5    | Lost mutation: Your health recovers twice as slowly from
                  | being drained. [potion of mutation]
 70198 | Zot:5    | Gained mutation: You are frail. (-10% HP) [potion of
                  | mutation]
 70198 | Zot:5    | Gained mutation: You have sharp toenails. [potion of
                  | mutation]
 70199 | Zot:5    | Lost mutation: You are frail. (-10% HP) [potion of
                  | mutation]
 70199 | Zot:5    | Lost mutation: Your mind is acute. (Int +4, Str/Dex -1)
                  | [potion of mutation]
 70199 | Zot:5    | Gained mutation: You have a pair of small horns on your
                  | head. [potion of mutation]
 70199 | Zot:5    | Gained mutation: You have hidden genetic potential. [potion
                  | of mutation]
 70224 | Zot:5    | Noticed an orb of fire
 70224 | Zot:5    | Noticed an orb of fire
 70231 | Zot:5    | Noticed an orb of fire
 70232 | Zot:5    | Noticed an orb of fire
 70232 | Zot:5    | Noticed an orb of fire
 70236 | Zot:5    | Got the Orb of Zot
 70807 | D:1      | Reached skill level 21 in Invocations
 70867 | D:$      | Escaped with the Orb!

Illustrated notes

Levels and vault maps discovered:
D:1:      spicycebolla_arrival_ecumenical, layout_rooms, st_stairs_10,
          minmay_misc_feat_columns, hex_large, nicolae_hexahallways
D:2:      layout_loops_ring, basic_altar, grunt_ministairs_13,
          grunt_decor_arrowhead, minmay_pentomino_t4, uniq_terence
D:3:      layout_rooms, chequers_temple_overflow_statue_of_worship,
          kennysheep_nub
D:4:      layout_basic
D:5:      layout_layer_cave, minmay_temple_entry_slanted, serial_shops,
          nicolae_shop_window_shopping, uniq_duvessa, uniq_eustachio
D:6:      layout_loops_ring, ebering_ghost_xom,
          serial_library_hellmonk_semicircle, sigmund_army, uniq_edmund
D:7:      layout_basic, old_standard_altar, serial_shops,
          nicolae_shop_tiny_statue_garden, uniq_prince_ribbit1, uniq_menkaure,
          uniq_maggie
D:8:      layout_rooms, amethyst_overflow_temple_binary
D:9:      layout_rooms, hellmonk_lair_entry_icy, uniq_grum
D:10:     layout_stronghold, uniq_erica
D:11:     layout_roguey, erik_orc_1, uniq_erolcha
D:12:     layout_irregular_city, nzn_random_ring
D:13:     layout_rooms, david_vaults_3, serial_shops, nicolae_lakefront_shop
D:14:     layout_stronghold, minmay_misc_feat_more_columns
D:15:     hangedman_depths_entry_civil_slaughter, layout_rooms,
          nicolae_water_bricks, gauntlet_entry_generic, serial_shops,
          nicolae_shop_trees, nicolae_ru_path_of_blood
Lair:1:   layout_concentric_octagons, hellmonk_ghost_happy_afterlife,
          amcnicky_mini_pool_medium, grunt_megastairs_1
Lair:2:   layout_layer_cave, elwin_shoals_entry_rooms, grunt_megastairs_3,
          serial_bayou_shore_a, infiniplex_staircase_pool, uniq_urug
Lair:3:   layout_gridlike, guppyfry_snake_entry_garden
Lair:4:   layout_roguey, grunt_megastairs_5
Lair:5:   guppyfry_lair_end_dragon, layout_misc_corridors, wormcave,
          minmay_slime_entry_pillars, eino_house_with_fridge
Shoals:1: layout_shoals, serial_shops, shop, uniq_aizul
Shoals:2: layout_shoals, gammafunk_ghost_wrathful_warriors, serial_shops,
          bzr_entry_gold, nicolae_shoals_mertower
Shoals:3: layout_shoals, nicolae_shoals_kraken_party
Shoals:4: shoals_end_hellmonk_lost_city, serial_shops
Snake:1:  layout_misc_corridors, lightli_airlock
Snake:2:  layout_rooms, serial_shops, shop, nicolae_shop_gaudy_bauble, shop
Snake:3:  nicolae_snakescales, layout_basic, serial_shops,
          nicolae_shop_back_alley_shop, gammafunk_ghost_arena,
          nicolae_snake_coiling_death
Snake:4:  grunt_snake_rune_spirals, layout_onion
Slime:1:  layout_caves
Slime:2:  layout_caves
Slime:3:  layout_caves
Slime:4:  layout_caves
Slime:5:  slime_pit_nicolae_amoeboid
Orc:1:    layout_caves, serial_shops, uniq_josephine
Orc:2:    st_orc_town, layout_caves, minmay_orc_temple_b, uniq_nessos
Elf:1:    nicolae_elf_arrival_no_cutting_in_line, layout_geoelf_diagonals,
          serial_shops, shop, hangedman_elven_crosses_minicolossus, uniq_azrael,
          uniq_louise
Elf:2:    elven_hall_of_blades_hangedman_alternative [mumra_blade_entry_dagger],
          layout_rooms, nicolae_zig_zag_zippers, uniq_roxanne
Elf:3:    minmay_elf_hall_spiked, layout_loops_ring, minmay_misc_feat_rows
Vaults:1: ontoclasm_vaults_gateway, nicolae_vaults_tetromino_L_2,
          ontoclasm_vaults_ring_large, nicolae_vaults_frosty_reception,
          vaults_dpeg_hooks, nicolae_vaults_trapezoid_lopsided_4,
          layout_vaults_omnigrid
Vaults:2: hellmonk_ghost_big_iron, v_misc_19, nicolae_vaults_tetromino_Z_1,
          nicolae_vaults_storage_closets_2, st_more_cells,
          vaults_room_stairs_pillars, vaults_room_large_hall,
          nicolae_vaults_tetromino_L_2, nicolae_vaults_circle_grid_a,
          v_alt_pattern_2, nicolae_vaults_apartment_1, v_misc_12,
          layout_vaults_big_cross, serial_shops, nicolae_shop_behind_doors,
          nicolae_book_shop_shelving, nicolae_book_shop_shelving
Vaults:3: nicolae_vaults_hexular_roomagon, nicolae_vaults_circle_grid_a,
          v_alt_pattern_4, nicolae_vaults_big_ls,
          nicolae_vaults_storage_room_doors, minmay_crypt_entry_simple_sparse,
          hangedman_vaults_nodes, nicolae_vaults_storage_closets_3,
          vaults_room_octagon, nicolae_vaults_mini_display_case,
          nicolae_vaults_double_plus_2, vaults_room_grid, vaults_mumra_hexcomb,
          grunt_vaults_funnel, layout_vaults_ring, serial_shops, shop,
          nicolae_shop_window_shopping
Vaults:4: vaults_dpeg_doors, vaults_mumra_minichess, grunt_vaults_bifocal,
          nicolae_vaults_network_star, v_misc_8, nicolae_vaults_wine_cellar,
          nicolae_vaults_doubleplus_tesselated, nicolae_vaults_house_1,
          layout_vaults_chaotic_city, serial_shops,
          nicolae_shop_advertising_works [nicolae_subvault_shop_adworks]
Vaults:5: serial_shops
Crypt:1:  layout_chaotic_city, ebering_ghost_gozag, uniq_boris
Crypt:2:  gammafunk_sealed_library, layout_chaotic_city, hex_tiny,
          evilmike_ambush [evilmike_ambush_outer_basic,
          evilmike_ambush_inner_basic], uniq_saint_roka, uniq_margery,
          uniq_xtahua
Crypt:3:  evilmike_haunted_forest
Depths:1: layout_honeycomb, enter_ziggurat_d, grunt_hell_entry_demonic_statue,
          ebering_ghost_reflecting_pool, minmay_misc_feat_roman,
          kennysheep_small_square
Depths:2: grunt_twist_and_shout, layout_basic, grunt_pan_entry_spiral,
          hell_entry, nicolae_hepliaklqana_hazy_memory,
          nicolae_rock_paper_scissors
Depths:3: angbandy_vault, layout_honeycomb, nicolae_the_louvre, abyss_entry,
          hell_entry
Depths:4: lemuel_castle_with_subvaults [lemuel_castle_interior_carwin_3],
          layout_basic, grunt_hell_entry_dis_old, serial_corexii_hall,
          chequers_hall_statues_y, corexii_hall_statues_i,
          corexii_hall_statues_x, corexii_hall_statues_t,
          chequers_hall_statues_corner_a, chequers_hall_statues_wall_a,
          abyss_entry
Zot:1:    layout_gridlike
Zot:2:    gammafunk_its_a_trap, layout_cathedral_of_symmetry,
          regret_index_zotdec_zees, uniq_josephina
Zot:3:    kennysheep_oblong_rooms, layout_gridlike
Zot:4:    layout_gridlike, grunt_megastairs_2, uniq_grunn
Zot:5:    layout_basic

Skill      XL: |  1  2  3  4  5  6  7  8  9 10 11 12 13 14 15 16 17 18 19 20 21 22 23 24 25 26 27 |
---------------+----------------------------------------------------------------------------------+-----
Stealth        | 2 3 4 6 8 9 10 12 | 12.0
Dodging        | 2 4 5 6 8 9 10 11 12 14 18 | 18.0
Conjurations   | 2 3 4 5 6 8 10 11 12 13 | 13.0
Fighting       | 1 2 4 6 9 11 12 13 14 15 17 18 20 | 20.0
Air Magic      | 1 2 5 |  5.0
Alchemy        | 4 6 8 10 11 12 13 | 13.0
Spellcasting   | 3 4 5 6 7 10 11 12 | 12.0
Fire Magic     | 2 4 6 7 8 9 10 11 | 11.0
Invocations    | 8 11 12 13 15 16 17 19 20 21 | 21.0
Throwing       | 2 |  2.0
Armour         | 3 4 5 6 8 10 11 12 17 18 | 18.0
Evocations     | 2 4 8 |  8.0
Shields        | 6 9 14 15 16 17 18 | 18.0
Hexes          | 2 3 4 |  4.0
Short Blades   | 5 6 9 11 12 14 | 14.0
Translocations | 2 5 |  5.0
Earth Magic    | 2 |  2.0

Action                     |  1- 3 |  4- 6 |  7- 9 | 10-12 | 13-15 | 16-18 | 19-21 | 22-24 | 25-27 || total
---------------------------+-------+-------+-------+-------+-------+-------+-------+-------+-------++-------
  Melee: Rapier            |       |    12 |    26 |    50 |   165 |   261 |   276 |   359 |   563 ||  1712
         Punch             |       |     1 |       |       |     1 |       |       |       |       ||     2
         Tailslap          |       |       |     1 |     9 |    32 |    42 |   115 |   313 |   801 ||  1313
         Quick blade       |       |       |       |       |       |       |   155 |   668 |  1967 ||  2790
         Headbutt          |       |       |       |       |       |       |       |       |     3 ||     3
   Fire: Sling             |    30 |    23 |       |       |       |       |       |       |       ||    53
  Throw: Stone             |       |     2 |    11 |     7 |       |       |       |       |       ||    20
         Dart              |       |       |       |     2 |       |       |       |       |       ||     2
         Boomerang         |       |       |       |       |    25 |   151 |    41 |    53 |   147 ||   417
         Javelin           |       |       |       |       |       |     1 |     4 |       |     8 ||    13
   Cast: Sting             |    63 |   114 |   146 |   168 |   303 |     3 |       |       |       ||   797
         Mephitic Cloud    |       |     8 |    16 |    21 |    36 |    20 |    11 |       |     1 ||   113
         Ignite Poison     |       |       |    13 |    76 |   120 |   130 |    79 |    40 |    26 ||   484
         Static Discharge  |       |       |    19 |    26 |    30 |     1 |       |       |       ||    76
         Olgreb's Toxic Ra |       |       |     8 |    78 |    77 |    96 |    93 |    39 |    39 ||   430
         Sticky Flame      |       |       |       |       |    55 |    29 |     3 |     7 |    31 ||   125
         Mercury Vapours   |       |       |       |       |    21 |    64 |    55 |    20 |    37 ||   197
         Irradiate         |       |       |       |       |     8 |    18 |    33 |    38 |   115 ||   212
         Eringya's Noxious |       |       |       |       |       |    45 |     1 |    29 |       ||    75
         Yara's Violent Un |       |       |       |       |       |    23 |    23 |     5 |    17 ||    68
         Starburst         |       |       |       |       |       |       |     7 |    54 |   210 ||   271
         Passwall          |       |       |       |       |       |       |       |       |    14 ||    14
         Apportation       |       |       |       |       |       |       |       |       |     2 ||     2
 Invoke: Grow Ballistomyce |       |       |       |     1 |     1 |     5 |     6 |     2 |     7 ||    22
         Grow Oklob        |       |       |       |       |     2 |     3 |       |     2 |     5 ||    12
         Overgrow          |       |       |       |       |     1 |     2 |       |       |    10 ||    13
         Wall of Briars    |       |       |       |       |       |     8 |     2 |     3 |    11 ||    24
Ability: Evoke Blink       |       |       |     1 |     1 |     3 |     4 |     1 |     4 |     2 ||    16
  Evoke: Wand              |       |       |       |     3 |       |     7 |     6 |       |     5 ||    21
         Tin of tremorston |       |       |       |       |       |       |       |       |     2 ||     2
    Use: Scroll            |       |       |     3 |     5 |    14 |    12 |    16 |    15 |    22 ||    87
         Potion            |       |       |       |     2 |       |       |     2 |     5 |    32 ||    41
   Stab: Confused          |       |       |     1 |       |     2 |     2 |     2 |       |     1 ||     8
         Sleeping          |       |       |       |       |     8 |    10 |    14 |    18 |    66 ||   116
         Petrified         |       |       |       |       |     1 |       |       |       |       ||     1
         Distracted        |       |       |       |       |     2 |     2 |     6 |     7 |    17 ||    34
         Invisible         |       |       |       |       |       |       |       |       |     2 ||     2
 Armour: Robe              |    13 |     5 |       |       |       |       |       |       |       ||    18
         Leather armour    |       |     9 |   115 |   140 |       |       |       |       |       ||   264
         Ring mail         |       |       |       |    17 |   432 |   408 |   311 |   388 |   237 ||  1793
         Scale mail        |       |       |       |       |       |       |       |       |   542 ||   542
  Dodge: Dodged            |    19 |    25 |    79 |   131 |   406 |   452 |   233 |   345 |   800 ||  2490
  Block: Buckler           |       |       |       |       |    64 |   158 |       |       |       ||   222
         Kite shield       |       |       |       |       |       |    98 |   399 |   543 |  1428 ||  2468
